 Dungeon Crawl Stone Soup version 0.30-a0-364-gf6b3ef1049 (webtiles) character file.

Game seed: 10929752342772658949

203233 Bane11 the Impaler (level 17, -8/198 HPs)
             Began as a Demonspawn Artificer on Nov 13, 2022.
             Was an Initiate of Gozag.
             Killed from afar by a deep elf knight (32 damage)
             ... with a shard of ice
             ... on level 2 of the Elven Halls on Nov 14, 2022.
             The game lasted 02:01:06 (32083 turns).

Bane11 the Impaler (Demonspawn Artificer)          Turns: 32083, Time: 02:01:07

Health: -8/198     AC: 30    Str: 17    XL:     17   Next: 97%
Magic:  17/17      EV: 18    Int: 29    God:    Gozag
Gold:   2177       SH:  7    Dex:  8    Spells: 16/16 levels left

rFire   . . .      SeeInvis +    t - +2 broad axe (freeze)
rCold   + + +      Faith    .    K - +0 kite shield {reflect}
rNeg    + . .      Spirit   .    O - +4 ice dragon scales of Wu Jian's Esteem {Rampage rF- rC++ Dex-5 Stlth+}
rPois   +          Reflect  +    x - +0 helmet of the Armoured One {rPois rF+ SInv}
rElec   .          Harm     .    V - +2 cloak of the Forging Gods {Regen+ Int+2}
rCorr   .          Rampage  +    s - +1 Delatra's gloves {ID++}
Will    ++...                    e - +1 pair of boots {Fly}
Stlth   ..........               o - amulet of regeneration
HPRegen 2.13/turn                Q - ring "Wahazimi" {rC+ rN+ Will+}
MPRegen 0.15/turn                G - +4 ring of evasion

@: agile, berserking (expiring), lethally poisoned (-8 -> -8), gold aura,
flying, very quick
A: foul stench 1, powered by pain 2, big brain 3, weakness stinger 1, stinger 1,
clever 2, frail 1
}: 1/15 runes: decaying
a: Renounce Religion, Potion Petition, Call Merchant, Bribe Branch


You were on level 2 of the Elven Halls.
You worshipped Gozag.
Gozag was most pleased with you.
You visited 7 branches of the dungeon, and saw 30 of its levels.
You also visited: Bailey, Gauntlet and Ice Cave.

You collected 12950 gold pieces.
You spent 2337 gold pieces at shops.
You paid 8436 gold pieces to Gozag.

Inventory:

Hand Weapons
 b - the +5 glaive of the Guard {elec, spectral, AC+5}
   (You found it on level 9 of the Dungeon)

   It occasionally discharges a powerful burst of electricity upon striking a
   foe.
   When it strikes, its spirit leaps out and fights alongside the wielder.
   AC:        It affects your AC (+5).
 t - a +2 broad axe of freezing (weapon)
Missiles
 v - 2 throwing nets
Armour
 e - a +1 pair of boots of flying (worn)
 s - the +1 Delatra's gloves (worn) {ID++}
   (You found it on level 6 of the Dungeon)

   It heals its wearer when they drink unknown potions.
   It restores its wearer's MP when they read unknown scrolls.
 x - the +0 helmet of the Armoured One (worn) {rPois rF+ SInv}
   (You bought it in a shop on level 2 of the Lair of Beasts)

   rF:        It protects you from fire.
   rPois:     It protects you from poison.
   SInv:      It lets you see invisible.
 K - a +0 kite shield of reflection (worn)
 O - the +4 ice dragon scales of Wu Jian's Esteem (worn) {Rampage rF- rC++ Dex-5 Stlth+}
   (You bought it in a shop on level 2 of the Lair of Beasts)

   Dex:       It affects your dexterity (-5).
   rF:        It makes you vulnerable to fire.
   rC:        It greatly protects you from cold.
   Rampage:   It bestows one free step when moving towards enemies.
   Stlth:     It makes you more stealthy.
 V - the +2 cloak of the Forging Gods (worn) {Regen+ Int+2}
   (You found it in a Gauntlet)

   Int:       It affects your intelligence (+2).
   Regen:     It increases your rate of health regeneration.
Jewellery
 o - an amulet of regeneration (around neck)
 G - a +4 ring of evasion (right hand)
 Q - the ring "Wahazimi" (left hand) {rC+ rN+ Will+}
   (You found it in an ice cave)

   [ring of willpower]

   rC:        It protects you from cold.
   rN:        It protects you from negative energy.
   Will:      It increases your willpower.
 T - a ring of poison resistance
 W - an amulet of reflection
 Z - a ring of protection from fire
Wands
 c - a wand of flame (100) (quivered)
 d - a wand of charming (35)
 h - a wand of polymorph (13)
 J - a wand of mindburst (7)
 M - a wand of digging (9)
 S - a wand of roots (6)
 X - a wand of quicksilver (5)
Scrolls
 a - 5 scrolls of butterflies
 g - 4 scrolls of poison
 i - 3 scrolls of amnesia
 j - 7 scrolls of blinking
 m - 11 scrolls of teleportation
 n - 22 scrolls of identify
 q - 7 scrolls of magic mapping
 r - a scroll of enchant weapon
 w - 5 scrolls of fear
 A - a scroll of silence
 B - 5 scrolls of enchant armour
 I - a scroll of immolation
 N - a scroll of brand weapon
Potions
 f - 8 potions of flight
 k - 10 potions of heal wounds
 l - 3 potions of lignification
 p - 2 potions of brilliance
 u - 9 potions of curing
 z - 4 potions of mutation
 C - 6 potions of attraction
 E - 4 potions of resistance
 H - a potion of might
 Y - a potion of haste
Miscellaneous
 F - a tin of tremorstones (2/2)
 P - a phial of floods


   Skills:
 - Level 17.3 Fighting
 * Level 8.5(14.7) Axes
 - Level 18.7(19.4) Polearms
 - Level 15.7 Armour
 - Level 7.2 Dodging
 - Level 0.8 Stealth
 * Level 2.1 Shields
 - Level 8.0 Evocations


You had 16 spell levels left.
You didn't know any spells.
Your spell library contained the following spells:

 Spells                   Type           Power      Damage    Failure   Level
 Apportation              Tloc           0%         N/A       34%         1
 Magic Dart               Conj           0%         1d3       34%         1
 Sandblast                Erth           0%         2d4       34%         1
 Sting                    Tmut/Pois      0%         1d3       34%         1
 Call Imp                 Summ           0%         N/A       45%         2
 Cigotuvi's Dreadful Rot  Necr/Pois/Air  0%         N/A       45%         2
 Ensorcelled Hibernation  Hex/Ice        0%         N/A       45%         2
 Passwall                 Tmut/Erth      0%         N/A       45%         2
 Poisonous Vapours        Pois/Air       0%         N/A       45%         2
 Wereblood                Tmut           0%         N/A       45%         2
 Dazzling Flash           Conj/Hex       0%         N/A       69%         3
 Mephitic Cloud           Conj/Pois/Air  0%         N/A       69%         3
 Spider Form              Tmut/Pois      0%         N/A       69%         3
 Stone Arrow              Conj/Erth      0%         3d7       69%         3
 Airstrike                Air            0%         2d(0-16)  97%         4
 Anguish                  Hex/Necr       0%         N/A       97%         4
 Animate Armour           Summ/Erth      0%         N/A       97%         4
 Dispel Undead            Necr           0%         3d6       97%         4
 Leda's Liquefaction      Hex/Erth       0%         N/A       97%         4
 Olgreb's Toxic Radiance  Pois           0%         N/A       97%         4
 Agony                    Necr           0%         N/A       100%        5
 Alistair's Intoxication  Tmut/Pois      0%         N/A       100%        5
 Blade Hands              Tmut           0%         N/A       100%        5
 Freezing Cloud           Conj/Ice/Air   0%         6-21      100%        5
 Irradiate                Conj/Tmut      0%         3d11      100%        5
 Lee's Rapid Deconstruct  Erth           0%         3d4*      100%        5
 Silence                  Hex/Air        0%         N/A       100%        5
 Summon Forest            Summ/Tloc      0%         N/A       100%        5
 Conjure Ball Lightning   Conj/Air       0%         3x3d7     100%        6
 Death Channel            Necr           0%         N/A       100%        6
 Eringya's Noxious Bog    Tmut/Pois      0%         N/A       100%        6
 Iron Shot                Conj/Erth      0%         9d1       100%        6
 Statue Form              Tmut/Erth      0%         N/A       100%        6
 Dragon Form              Tmut           0%         N/A       100%        7
 Summon Hydra             Summ           0%         N/A       100%        7
 Discord                  Hex            0%         N/A       100%        8
 Disjunction              Tloc           0%         N/A       100%        8
 Necromutation            Tmut/Necr      0%         N/A       100%        8
 Polar Vortex             Ice            0%         N/A       100%        9
 Simulacrum               Ice/Necr       Unusable   N/A       N/A         6

Dungeon Overview and Level Annotations

Branches:
Dungeon (15/15)            Temple (1/1) D:7            Lair (5/5) D:10
  Swamp (4/4) Lair:2        Snake (1/4) Lair:2        Slime (0/5) Lair:4
    Orc (2/2) D:11            Elf (2/3) Orc:2        Vaults (0/5) D:13
 Depths (0/4) D:15         Bailey (visited)           IceCv (visited)
Gauntlet (visited)

Altars:
Ashenzari
Cheibriados
Gozag
Makhleb
Nemelex Xobeh
Okawaru
Qazlal
Trog
Uskayaw
Xom

Shops:
D:5 [   D:9 *=   D:15 ?   Orc:2 [(:*   Elf:2 *   Lair:2 [   Lair:5 [
Swamp:3 *

Portals:
Hell: Lair:5
Desolation: Elf:2

Annotations:
D:13 Samael12321's ghost, journeyman GnIE
D:14 2 transporters, Umoran's ghost, journeyman GrEE
Orc:1 2 transporters, Fihoig's ghost, adept TeFE
Elf:2 Aizul


Innate Abilities, Weirdness & Mutations

You may rarely emit foul miasma when damaged in melee.
You sometimes gain power by taking damage.
You have an absolutely massive brain. (Int +6, Wiz)
You have a small tail.
Your tail ends in a venomous barb.
Your mind is very acute. (Int +8, Str/Dex -2)
You are frail. (-10% HP)


Message History

The deep elf blademaster hits you with a +0 rapier!
* * * LOW HITPOINT WARNING * * *
You focus on the pain.
You feel more agile all of a sudden. The deep elf zephyrmancer misses you.
You slash the deep elf blademaster! You freeze the deep elf blademaster.
Your tail-slap misses the deep elf blademaster.
The deep elf blademaster is severely wounded.
You miss Aizul. You slash the deep elf knight! You freeze the deep elf knight.
You slash the deep elf zephyrmancer! You freeze the deep elf zephyrmancer.
You block Aizul's attack. The deep elf knight misses you.
The +3 halberd of venom closely misses you.
The deep elf blademaster hits you but does no damage.
The deep elf blademaster barely misses you.
You closely miss the deep elf blademaster.
Your tail-slap misses the deep elf blademaster.
The deep elf blademaster is severely wounded.
You barely miss the deep elf knight. You slash the deep elf zephyrmancer!
You freeze the deep elf zephyrmancer.
You kill the deep elf zephyrmancer!
You completely miss Aizul.
Aizul coils herself and waves her upper body at you.
The poison arrow hits you.
You are poisoned.
You partially resist.
* * * LOW HITPOINT WARNING * * *
You block the deep elf knight's attack. The deep elf blademaster misses you.
The deep elf blademaster hits you but does no damage.
The +3 halberd of venom hits you but does no damage.
You closely miss the deep elf blademaster.
The deep elf blademaster is severely wounded.
You miss Aizul. You closely miss the deep elf knight.
You closely miss the +2 mace of draining.
You feel very sick. Aizul hits you!
* * * LOW HITPOINT WARNING * * *
The deep elf knight gestures at you while chanting.
The shard of ice hits you!! You partially resist.
You die...
Your body crumbles into a pile of gold.

## .......... .#
......... ##
.........
#........
#######''......
##.......'......
##..⌠...(.##e....
## ##.......S(#
...
.######........e@#
.
....##.........e.#
.####..........⌠.#
## #............#
.####⌠..........##
....#..........##
....#.........##
....#........##
.........⌠..##


You could see Aizul, a deep elf blademaster, a deep elf knight (fast, invisible)
and 2 dancing weapons.

Vanquished Creatures
  Jorgrun (Swamp:3)
  Mlioglotl (Swamp:4)
  Rupert (D:13)
  Frances (Elf:1)
  Agnes (D:15)
  A thorn hunter (Swamp:4)
  Kirke (Lair:5)
  Roxanne (D:14)
  Donald (Elf:1)
  A fenstrider witch (Swamp:4)
  A frost giant (D:12)
  2 orc warlords
  A deep elf elementalist (Elf:1)
  3 eleionomae
  Azrael (D:13)
  A deep elf demonologist (Elf:1)
  3 bunyips
  A dire elephant (Lair:5)
  A minotaur (Gauntlet)
  The ghost of Ruonwum the Carver, a journeyman MfGl of the Shining One (Lair:3)
  A merfolk impaler (D:13)
  A deep elf death mage (Elf:1)
  Josephine (D:11)
  A shambling mangrove (Swamp:4)
  The ghost of Bane11 the Fighter, a journeyman DsAr of Gozag (Lair:1)
  An ice dragon (IceCv)
  16 hydras
  Erolcha (D:12)
  The ghost of Verendum the Martial Artist, a journeyman OpMo of Ashenzari (D:11)
  The ghost of Leofov the Covert, a journeyman SpBr of Trog (Lair:3)
  2 ogre magi
  A spriggan air mage (Swamp:1)
  A catoblepas (D:13)
  2 death knights
  2 ghost crabs
  4 alligators
  5 centaur warriors
  14 dancing weapons
  3 boulder beetles
  10 two-headed ogres
  5 death yaks
  2 orc high priests (Orc:2)
  A naga warrior (D:13)
  A spriggan berserker (Swamp:3)
  4 tengu warriors
  Urug (D:13)
  A sun demon (Lair:5)
  A shock serpent (Snake:1)
  2 fire crabs (Gauntlet)
  Lodul (D:11)
  9 deep elf knights
  6 goliath frogs
  A death drake (Swamp:1)
  A skeletal warrior (D:14)
  2 bog bodies (Lair:2)
  4 deep elf archers (Elf:1)
  5 spriggan druids
  An orange crystal statue (D:14)
  10 swamp dragons
  3 orc knights
  2 wizards
  19 deep elf pyromancers
  22 deep elf zephyrmancers
  2 necromancers
  6 orc sorcerers
  4 manticores
  4 cyclopes
  8 black mambas
  6 will-o-the-wisps
  17 elephants
  Maurice (D:11)
  15 cane toads
  2 ice statues (IceCv)
  An orange demon (Lair:5)
  4 gargoyles
  10 rime drakes
  4 freezing wraiths
  3 unseen horrors
  7 komodo dragons
  2 tengu conjurers
  A hellwing (Lair:5)
  An efreet (D:13)
  4 ice devils (Lair:5)
  A red devil (Lair:5)
  2 meliai (shapeshifter)
  10 trolls
  3 bloated husks
  2 polar bears
  15 hornets
  9 tyrant leeches
  4 slime creatures
  6 dream sheep (Lair:5)
  10 blink frogs
  A culicivora (shapeshifter) (Elf:1)
  2 air elementals
  3 shadows (D:12)
  3 water elementals
  4 wyverns
  16 spriggans
  16 humans (D:13)
  14 wraiths
  2 vampires
  12 fire bats (Gauntlet)
  34 yaks
  3 fire elementals (D:13)
  3 hogs (Lair:5)
  7 basilisks
  12 vampire mosquitoes
  4 chaos spawn (Elf:1)
  2 steam dragons
  21 swamp worms
  9 wargs
  Edmund (D:6)
  26 water moccasins
  An acid dragon (D:9)
  36 orc warriors
  8 hell hounds
  5 ice beasts
  2 black bears
  2 sky beasts
  10 swamp drakes
  19 ogres
  7 centaurs
  30 wolves
  A phantom (D:5)
  13 bullfrogs
  8 kobold brigands
  2 scorpions (D:6)
  A necrophage (D:5)
  7 wights
  7 killer bees
  5 lindwurm simulacra (IceCv)
  An electric eel (D:12)
  5 howler monkeys
  5 komodo dragon simulacra (IceCv)
  3 hounds
  14 orc priests
  2 jellies (D:5)
  3 gnoll boudas
  4 iguanas
  19 orc wizards
  Robin (D:2)
  32 gnolls
  6 adders
  2 acid dragon simulacra (IceCv)
  A white imp (D:6)
  An ufetubus (D:3)
  9 steam dragon simulacra (IceCv)
  A worm (D:2)
  2 dart slugs
  62 orcs
  5 bats
  10 endoplasms
  5 giant cockroaches
  28 goblins
  19 hobgoblins
  14 jackals
  4 quokkas
  11 ball pythons
  6 frilled lizards
  33 kobolds
  2 rats
  A briar patch (Swamp:4)
1032 creatures vanquished.

Vanquished Creatures (collateral kills)
  A centaur warrior (D:15)
  A deep elf knight (Elf:2)
  A deep troll (D:15)
  A necromancer (D:15)
4 creatures vanquished.

Vanquished Creatures (others)
  An ettin (D:15)
  A deep elf knight (Elf:1)
  A goliath frog (Swamp:2)
  4 bloated husks
  A water elemental (D:12)
  3 gnolls
  2 kobolds (D:9)
  A goblin (D:4)
  5 briar patches (Swamp:4)
  24 foxfires
  26 fungi
  42 plants
  6 withered plants (Lair:3)
117 creatures vanquished.

Grand Total: 1153 creatures vanquished

Notes
Turn   | Place    | Note
-------+----------+-------------------------------------------
     0 | D:1      | Bane11 the Demonspawn Artificer began the quest for the
                  | Orb.
     0 | D:1      | Reached XP level 1. HP: 15/15 MP: 1/1
   128 | D:1      | Gained mutation: You have an unusually large brain. (Int
                  | +2) [demonic ancestry]
   128 | D:1      | Reached XP level 2. HP: 20/22 MP: 2/2
   916 | D:2      | Reached XP level 3. HP: 23/29 MP: 3/3
  1006 | D:2      | Reached XP level 4. HP: 21/37 MP: 4/4
  1412 | D:2      | Found a sparkling altar of Nemelex Xobeh.
  1626 | D:2      | Noticed Robin
  1645 | D:2      | Killed Robin
  2047 | D:3      | Reached XP level 5. HP: 41/43 MP: 5/5
  2527 | D:4      | Found a shimmering altar of Xom.
  2540 | D:4      | Reached skill level 5 in Fighting
  3142 | D:3      | Reached XP level 6. HP: 16/51 MP: 6/6
  3307 | D:4      | Reached skill level 1 in Polearms
  3529 | D:4      | Found a stormy altar of Qazlal.
  3911 | D:5      | Entered Level 5 of the Dungeon
  4124 | D:5      | Reached skill level 2 in Polearms
  4151 | D:5      | Noticed an ice beast
  4163 | D:5      | Killed an ice beast
  4164 | D:5      | Gained mutation: You sometimes gain a little power by
                  | taking damage. [demonic ancestry]
  4164 | D:5      | Reached XP level 7. HP: 49/56 MP: 7/7
  4550 | D:5      | Reached skill level 3 in Polearms
  4738 | D:5      | Found Hesejy's Antique Armour Shoppe.
  4903 | D:5      | Reached skill level 5 in Armour
  5156 | D:5      | Reached skill level 4 in Polearms
  5991 | D:6      | Reached XP level 8. HP: 62/62 MP: 8/8
  6098 | D:6      | Reached skill level 1 in Axes
  6270 | D:6      | Identified the +7 quarterstaff of Duty {freeze, Fly Str-5
                  | Int+9}
  6532 | D:6      | Noticed Edmund
  6586 | D:6      | Killed Edmund
  6998 | D:6      | Identified the +6 whip of Doubt {venom, rPois rCorr}
  7011 | D:6      | Found the +1 Delatra's gloves {ID++}
  7218 | D:7      | Reached skill level 1 in Dodging
  7317 | D:7      | HP: 1/62 [steam dragon/ball of steam (17)]
  7602 | D:7      | Found a staircase to the Ecumenical Temple.
  7613 | Temple   | Entered the Ecumenical Temple
  7634 | Temple   | Became a worshipper of Gozag Ym Sagoz the Greedy
  7776 | D:7      | Reached XP level 9. HP: 65/68 MP: 9/9
  8134 | D:8      | Noticed a cyclops
  8178 | D:8      | Killed a cyclops
  8179 | D:8      | Reached skill level 5 in Axes
  8319 | D:8      | Reached skill level 5 in Dodging
  8546 | D:8      | Noticed a two-headed ogre
  8577 | D:8      | Killed a two-headed ogre
  8785 | D:8      | Reached XP level 10. HP: 74/74 MP: 10/10
  9418 | D:9      | Found the +5 glaive of the Guard {elec, spectral, AC+5}
  9534 | D:9      | Reached skill level 5 in Polearms
  9550 | D:9      | Noticed a two-headed ogre
  9554 | D:9      | Killed a two-headed ogre
  9588 | D:9      | Reached skill level 6 in Polearms
  9725 | D:9      | Found a hide-covered altar of Uskayaw.
  9769 | D:9      | Found a flagged portal.
  9778 | Bailey   | Entered a bailey
  9840 | Bailey   | Reached skill level 7 in Polearms
 10024 | Bailey   | Noticed an orc warlord
 10077 | Bailey   | Killed an orc warlord
 10078 | Bailey   | Reached skill level 8 in Polearms
 10078 | Bailey   | Reached XP level 11. HP: 26/80 MP: 11/11
 10415 | Bailey   | Acquired 1002 gold pieces
 10542 | D:9      | Found an iron altar of Okawaru.
 10672 | D:10     | Entered Level 10 of the Dungeon
 10780 | D:10     | Reached skill level 9 in Polearms
 10816 | D:10     | Found a staircase to the Lair.
 11007 | D:10     | Found a broken altar of Ashenzari.
 11049 | D:10     | Noticed a two-headed ogre
 11052 | D:10     | Killed a two-headed ogre
 11896 | Lair:1   | Entered Level 1 of the Lair of Beasts
 11903 | Lair:1   | Reached skill level 10 in Polearms
 12272 | Lair:1   | Reached skill level 11 in Polearms
 12549 | Lair:1   | Found a runed translucent door.
 12551 | Lair:1   | Noticed Bane11's ghost (journeyman DsAr)
 12592 | Lair:1   | Gained mutation: You have an extremely huge brain. (Int +4)
                  | [demonic ancestry]
 12592 | Lair:1   | Reached XP level 12. HP: 86/86 MP: 12/12
 12676 | Lair:1   | Killed Bane11's ghost
 12780 | Lair:2   | Reached skill level 12 in Polearms
 12886 | Lair:2   | Noticed a death yak
 12886 | Lair:2   | Noticed a death yak
 12889 | Lair:2   | Noticed a death yak
 13099 | Lair:2   | Identified the +7 rapier of Calculation {freeze, rF+ rN+}
 13120 | Lair:2   | Found a staircase to the Swamp.
 13439 | Lair:2   | Found a staircase to the Snake Pit.
 13480 | Lair:2   | Reached skill level 13 in Polearms
 13564 | Lair:2   | Noticed a death yak
 13568 | Lair:2   | Killed a death yak
 13571 | Lair:2   | Killed a death yak
 13576 | Lair:2   | Killed a death yak
 13580 | Lair:2   | Killed a death yak
 14091 | Lair:2   | Bought the +4 ice dragon scales of Wu Jian's Esteem
                  | {Rampage rF- rC++ Dex-5 Stlth+} for 1120 gold pieces
 14280 | Lair:3   | Found a runed translucent gate.
 14282 | Lair:3   | Found a runed translucent gate.
 14292 | Lair:3   | Found a runed translucent gate.
 14292 | Lair:3   | Noticed Ruonwum's ghost (journeyman MfGl)
 14293 | Lair:3   | Noticed Leofov's ghost (journeyman SpBr)
 15078 | Lair:3   | Killed Leofov's ghost
 15079 | Lair:3   | Reached skill level 14 in Polearms
 15079 | Lair:3   | Gained mutation: You may rarely emit foul miasma when
                  | damaged in melee. [demonic ancestry]
 15079 | Lair:3   | Reached XP level 13. HP: 91/92 MP: 13/13
 15086 | Lair:3   | Killed Ruonwum's ghost
 15327 | Lair:4   | Found a gate leading to a gauntlet.
 15336 | Gauntlet | Entered a Gauntlet
 15336 | Gauntlet | Found a transporter.
 15336 | Gauntlet | Found a transporter.
 15350 | Gauntlet | Found a transporter.
 15370 | Gauntlet | Found a transporter.
 15370 | Gauntlet | Found a transporter.
 15375 | Gauntlet | Found a transporter.
 15375 | Gauntlet | Found a transporter.
 15395 | Gauntlet | Found a transporter.
 15409 | Gauntlet | Found a transporter.
 15419 | Gauntlet | Found a transporter.
 15437 | Gauntlet | Found a transporter.
 15455 | Gauntlet | Found a transporter.
 15460 | Gauntlet | Found a transporter.
 15476 | Gauntlet | Found a transporter.
 15529 | Gauntlet | Identified the ring "Penoh" {Fire Will+ Int+4 Dex+3 Slay-5}
 15717 | Gauntlet | Identified the +2 helmet of the Countless Olives {rN+}
 15873 | Gauntlet | Noticed a minotaur
 15883 | Gauntlet | Killed a minotaur
 15901 | Gauntlet | Identified the +2 cloak of the Forging Gods {Regen+ Int+2}
 15902 | Gauntlet | Got Sif Muna's Tome of the Tempest and Transfiguration
 16019 | Lair:4   | You fall into a shaft and drop 1 floor!
 16019 | Lair:5   | Entered Level 5 of the Lair of Beasts
 16135 | Lair:5   | Noticed Kirke
 16146 | Lair:5   | Reached skill level 15 in Polearms
 16185 | Lair:5   | Killed Kirke
 16413 | Lair:4   | Acquired a manual of Armour
 16693 | Lair:4   | Reached skill level 10 in Armour
 16702 | Lair:4   | Reached skill level 16 in Polearms
 16842 | Lair:4   | Found a staircase to the Slime Pits.
 17115 | Lair:5   | Gained mutation: You have an absolutely massive brain. (Int
                  | +6, Wiz) [demonic ancestry]
 17115 | Lair:5   | Reached XP level 14. HP: 104/104 MP: 14/14
 17743 | Lair:5   | Found a burning altar of Makhleb.
 17844 | Lair:5   | Found a gateway to Hell.
 18220 | Lair:5   | Identified the +0 ring mail "Loxky" {-Tele rPois rC++
                  | Slay+4}
 18366 | D:11     | Identified the +6 dagger "Grim" {vorpal, rPois rC+ rN+
                  | Dex-4}
 18366 | D:11     | Noticed Josephine
 18375 | D:11     | Killed Josephine
 18403 | D:11     | Found a staircase to the Orcish Mines.
 18462 | D:11     | Reached skill level 17 in Polearms
 18534 | D:11     | Noticed Maurice
 18540 | D:11     | Killed Maurice
 18566 | D:11     | Noticed Verendum's ghost (journeyman OpMo)
 18572 | D:11     | Found a runed translucent gate.
 18572 | D:11     | Found a runed translucent gate.
 18575 | D:11     | Found a runed translucent gate.
 18576 | D:11     | Identified the +0 leather armour of Imperfection {rPois rF+
                  | rN+++ Dex-5}
 18638 | D:11     | Noticed Lodul
 18720 | D:11     | Killed Lodul
 18985 | D:11     | Killed Verendum's ghost
 19123 | D:12     | Found a frozen archway.
 19129 | IceCv    | Entered an ice cave
 19424 | IceCv    | Identified the ring "Wahazimi" {rC+ rN+ Will+}
 19671 | D:12     | Noticed Erolcha
 19676 | D:12     | Killed Erolcha
 20175 | D:12     | Noticed a frost giant
 20427 | D:12     | Killed a frost giant
 20842 | D:13     | Noticed Rupert
 20842 | D:13     | Noticed Urug
 20842 | D:13     | Found a gate to the Vaults.
 20846 | D:13     | Noticed Azrael
 20867 | D:13     | Killed Azrael
 20868 | D:13     | Gained mutation: You sometimes gain power by taking damage.
                  | [demonic ancestry]
 20868 | D:13     | Reached XP level 15. HP: 37/115 MP: 15/15
 20953 | D:13     | Killed Rupert
 20954 | D:13     | Reached skill level 10 in Fighting
 20954 | D:13     | Reached skill level 18 in Polearms
 20958 | D:13     | Killed Urug
 21158 | D:13     | Found a runed translucent gate.
 21158 | D:13     | Found a runed translucent gate.
 21160 | D:13     | Noticed Samael12321's ghost (journeyman GnIE)
 21162 | D:13     | Found a runed translucent gate.
 21163 | D:13     | Found an iron altar of Okawaru.
 22070 | D:13     | Identified the +0 pair of boots of Apathy {Harm Slay+3}
 22209 | D:14     | Found a transporter.
 22333 | D:14     | Found a transporter.
 22460 | D:14     | Noticed Umoran's ghost (journeyman GrEE)
 22529 | D:14     | Found a bloodstained altar of Trog.
 22539 | D:14     | Noticed Roxanne
 22551 | D:14     | Killed Roxanne
 23147 | D:15     | Entered Level 15 of the Dungeon
 23186 | D:15     | Noticed Agnes
 23198 | D:15     | Killed Agnes
 23359 | D:15     | Found a staircase to the Depths.
 24040 | D:15     | Bought a scroll of butterflies for 60 gold pieces
 24040 | D:15     | Bought a scroll of magic mapping for 112 gold pieces
 24040 | D:15     | Bought a scroll of silence for 142 gold pieces
 24040 | D:15     | Bought a scroll of teleportation for 45 gold pieces
 24040 | D:15     | Bought a scroll of brand weapon for 142 gold pieces
 24040 | D:15     | Bought a scroll of poison for 60 gold pieces
 24160 | Orc:1    | Entered Level 1 of the Orcish Mines
 24421 | Orc:1    | Identified the +11 great mace "Byow" {vorpal, rC++ MP+9
                  | SInv}
 24421 | Orc:1    | Identified the +7 giant club of Ru's Righteous Anger {pain,
                  | Fly}
 24421 | Orc:1    | Noticed Fihoig's ghost (adept TeFE)
 24424 | Orc:1    | Found a transporter.
 24429 | Orc:1    | Found a transporter.
 24583 | Orc:1    | Reached XP level 16. HP: 127/127 MP: 16/16
 24964 | Orc:2    | Entered Level 2 of the Orcish Mines
 25008 | Orc:2    | Found Edaxacw's Book Emporium.
 25064 | Orc:2    | Found Miwemub's Antique Weapon Shop.
 25092 | Orc:2    | Found Kimulusch's General Store.
 25215 | Orc:2    | Found a staircase to the Elven Halls.
 25310 | Orc:2    | Found Gizxof's Antique Armour Emporium.
 25594 | Orc:2    | Bought a +1 pair of boots of flying for 280 gold pieces
 25825 | Swamp:1  | Entered Level 1 of the Swamp
 25837 | Swamp:1  | Upgraded the game from 0.30-a0-360-g447f08457e to
                  | 0.30-a0-364-gf6b3ef1049
 26130 | Swamp:1  | Reached skill level 5 in Evocations
 26258 | Swamp:1  | Identified the +10 long sword of Efakhomyrgh {freeze,
                  | Int+2}
 27790 | Swamp:3  | Noticed Jorgrun
 27807 | Swamp:3  | Killed Jorgrun
 28582 | Swamp:4  | Entered Level 4 of the Swamp
 28604 | Swamp:4  | Reached skill level 15 in Fighting
 28695 | Swamp:4  | Noticed Mlioglotl
 28703 | Swamp:4  | Noticed a bone dragon
 28703 | Swamp:4  | Noticed a tentacled starspawn
 28704 | Swamp:4  | Killed Mlioglotl
 28835 | Swamp:4  | Paralysed by a fenstrider witch for 4 turns
 28871 | Swamp:4  | Gained mutation: You have a small tail. [demonic ancestry]
 28871 | Swamp:4  | Reached XP level 17. HP: 98/142 MP: 17/17
 29223 | Swamp:4  | Reached skill level 15 in Armour
 29487 | Swamp:4  | Got a decaying rune of Zot
 29980 | Snake:1  | Entered Level 1 of the Snake Pit
 30028 | Lair:2   | Bought the +0 helmet of the Armoured One {rPois rF+ SInv}
                  | for 376 gold pieces
 30142 | Elf:1    | Entered Level 1 of the Elven Halls
 30667 | Elf:1    | Paralysed by an air elemental for 1 turns
 31173 | Elf:1    | Noticed Frances
 31180 | Elf:1    | Noticed Donald
 31182 | Elf:1    | Killed Frances
 31188 | Elf:1    | Killed Donald
 31468 | Elf:2    | Found a crumbling gateway.
 31480 | Elf:2    | Found Uwuemiun's Assorted Antiques.
 31497 | Elf:2    | HP: 6/147 [deep elf zephyrmancer/bolt of lightning (16)]
 31536 | Elf:2    | Gained mutation: Your mind is acute. (Int +4, Str/Dex -1)
                  | [potion of mutation]
 31536 | Elf:2    | Gained mutation: You are frail. (-10% HP) [potion of
                  | mutation]
 31536 | Elf:2    | Gained mutation: Your mind is very acute. (Int +8, Str/Dex
                  | -2) [potion of mutation]
 31536 | Elf:2    | Gained mutation: Your tail ends in a venomous barb. [potion
                  | of mutation]
 31769 | Elf:2    | Reached skill level 1 in Shields
 31955 | Elf:2    | Found a runed translucent gate.
 31956 | Elf:2    | Found a runed translucent gate.
 31956 | Elf:2    | Found a runed translucent gate.
 32057 | Elf:2    | Noticed a deep elf blademaster
 32062 | Elf:2    | Noticed Aizul
 32083 | Elf:2    | Killed from afar by a deep elf knight

Illustrated notes

Levels and vault maps discovered:
D:1:      sevenhm_arrival_forest_fort_small_3, layout_loops_corners
D:2:      layout_rooms, basic_altar, uniq_robin
D:3:      layout_loops_ring
D:4:      layout_cave_pools, xom_confusion_cloud, mainiacjoe_overflow_brackets,
          serial_column_ruins, column_ruins_square_large,
          column_ruins_square_huge, column_ruins_grid_1,
          column_ruins_columns_plus, column_ruins_open_medium,
          column_ruins_columns_straight, column_ruins_corridor_straight,
          hex_medium
D:5:      layout_layer_cave, nicolae_stop_n_shop_1, minmay_pentangle
D:6:      layout_loops_ring, uniq_edmund
D:7:      layout_rooms, minmay_temple_entry_nine_rooms
D:8:      layout_basic, chequers_avenue
D:9:      layout_rooms, lemuel_doored_altar, mainiacjoe_overflow_boulevard,
          nicolae_overflow_hidden_temple, enter_bailey_2, minmay_joined_circles
D:10:     layout_loops_corners, nicolae_ashenzari_panopticon,
          hellmonk_lair_entry_icy
D:11:     layout_gridville, erik_orc_4, biasface_ghost_orc_armoury, uniq_lodul,
          uniq_maurice, uniq_josephine
D:12:     nzn_winding_woodlands_stair_trap
          [nzn_winding_woodlands_5x15_sidewinder,
          nzn_winding_woodlands_5x15_sawtooth,
          nzn_winding_woodlands_5x15_concentric,
          nzn_winding_woodlands_15x15_eel_pit,
          nzn_winding_woodlands_5x15_default, nzn_winding_woodlands_5x15_jagged,
          nzn_winding_woodlands_5x15_twine], layout_stronghold,
          portal_ice_cave_entry_pillars_1, uniq_erolcha
D:13:     layout_gridville, david_vaults_3, gammafunk_ghost_fury_of_okawaru,
          uniq_azrael, uniq_urug
D:14:     layout_layer_cave, grunt_decor_fettered,
          gammafunk_ghost_wrathful_warriors, minmay_statue_bubble, uniq_roxanne
D:15:     hangedman_depths_entry_civil_slaughter, layout_small_grid, uniq_agnes
Temple:   regret_index_temple_sphere_string
Lair:1:   layout_big_grid, ebering_ghost_inner_flame
Lair:2:   layout_cave_pods, skrybe_swamp_entry_bodies,
          minmay_snake_entry_six_corridors, basic_altar
Lair:3:   layout_roguey, gammafunk_ghost_cemetery, serial_rivers,
          chequers_serial_rivers_large_a, chequers_serial_rivers_micro_e,
          chequers_serial_rivers_marsh, chequers_serial_rivers_micro_d,
          chequers_serial_rivers_micro_a, wad_woods_03
Lair:4:   layout_cave_pods, dpeg_slime_entry_enclosed, gauntlet_entry_generic,
          st_stairs_3
Lair:5:   evil_forest, layout_misc_corridors, lemuel_fruit_fields,
          grunt_megastairs_4, infiniplex_staircase_pool, uniq_kirke
Swamp:1:  layout_basic_swamp, hangedman_swamp_cone
Swamp:2:  layout_basic_swamp, evilmike_swamp_ruin_house_3
Swamp:3:  nicolae_swamp_ascending_descending_big, layout_basic_swamp,
          evilmike_swamp_ruin_rubble_1, uniq_jorgrun
Swamp:4:  swamp, layout_basic_swamp, uniq_mlioglotl
Snake:1:  layout_honeycomb
Orc:1:    layout_caves, gammafunk_ghost_smash, mines4_lemuel
Orc:2:    grunt_orc_gardens, layout_caves, grunt_orc_garden, grunt_orc_garden,
          grunt_orc_garden, grunt_orc_garden
Elf:1:    layout_loops_corners, minmay_elf_crystal_hexagon, minivault_25,
          nicolae_elf_free_trip_to_the_abyss, uniq_frances, uniq_donald
Elf:2:    nicolae_elf_blades_crystal_corner, layout_rooms,
          portal_desolation_entry_nicolae_slug, serial_shops, shop, uniq_aizul

Skill      XL: |  1  2  3  4  5  6  7  8  9 10 11 12 13 14 15 16 17 |
---------------+----------------------------------------------------+-----
Fighting       | 2 3 4 5 7 9 12 15 17 | 17.3
Armour         | 2 3 4 5 7 8 9 10 11 12 14 15 | 15.7
Polearms       | 2 4 8 11 14 16 17 18 | 18.7
Axes           | 3 7 8 |  8.5
Dodging        | 3 5 7 |  7.2
Evocations     | 4 6 8 |  8.0
Shields        | 2 |  2.1
Stealth        | |  0.8

Action                   |  1- 3 |  4- 6 |  7- 9 | 10-12 | 13-15 | 16-18 || total
-------------------------+-------+-------+-------+-------+-------+-------++-------
Melee: Club              |    35 |       |       |       |       |       ||    35
       Short sword       |    55 |   206 |       |       |       |       ||   261
       Spear             |       |   103 |   191 |       |       |       ||   294
       Punch             |       |     1 |     2 |     1 |       |       ||     4
       Whip              |       |       |   129 |     3 |       |       ||   132
       Broad axe         |       |       |    43 |    71 |       |    75 ||   189
       Glaive            |       |       |       |   354 |   753 |   547 ||  1654
       Tailslap          |       |       |       |       |       |    29 ||    29
Invok: Potion Petition   |       |       |     1 |       |       |     4 ||     5
       Call Merchant     |       |       |       |     3 |     2 |     1 ||     6
Evoke: Wand              |     3 |     7 |     4 |       |    11 |    29 ||    54
       Tin of tremorston |       |       |       |       |     2 |     5 ||     7
       Phial of floods   |       |       |       |       |       |     1 ||     1
  Use: Scroll            |       |       |    13 |     3 |    13 |     5 ||    34
       Potion            |       |       |     8 |       |     1 |    13 ||    22
 Stab: Sleeping          |       |     1 |       |       |       |       ||     1
       Confused          |       |       |     1 |       |       |       ||     1
       Distracted        |       |       |       |    10 |    15 |    11 ||    36
Armor: Leather armour    |    30 |    49 |       |       |       |       ||    79
       Scale mail        |       |    36 |       |       |       |       ||    36
       Chain mail        |       |    29 |   181 |   158 |       |       ||   368
       Ice dragon scales |       |       |       |    11 |   235 |   305 ||   551
       Skin              |       |       |       |       |       |     3 ||     3
Dodge: Dodged            |    49 |   250 |   140 |   258 |   306 |   277 ||  1280
Block: Other             |       |       |       |       |    63 |    76 ||   139
       Reflection        |       |       |       |       |     9 |     4 ||    13
       Kite shield       |       |       |       |       |       |    40 ||    40

Table legend: (Time is in decaauts)
 A = Elapsed time spent in this place.
 B = Non-inter-level travel time spent in this place.
 C = Inter-level travel time spent in this place.
 D = Time resting spent in this place.
 E = Time spent auto-exploring this place.
 F = Levels seen in this place.
 G = Mean time per level.
                   A        B        C        D        E       F      G
               +--------+--------+--------+--------+--------+-----+--------+
         Total |  31894 |  30181 |   1713 |   1454 |  22322 |  33 |  966.5 |
       Dungeon |  16907 |  15888 |   1019 |   1098 |  11614 |  15 | 1127.1 |
        Temple |     34 |     22 |     12 |      0 |     11 |   1 |   34.0 |
          Lair |   6030 |   5599 |    431 |     33 |   4584 |   5 | 1206.0 |
         Swamp |   4023 |   3869 |    154 |    217 |   2878 |   4 | 1005.8 |
     Snake Pit |      5 |      3 |      2 |      0 |      0 |   1 |    5.0 |
  Orcish Mines |   1270 |   1221 |     49 |      0 |   1053 |   2 |  635.0 |
   Elven Halls |   1881 |   1838 |     43 |    100 |   1319 |   2 |  940.5 |
        Bailey |    691 |    691 |      0 |      0 |    484 |   1 |  691.0 |
      Ice Cave |    473 |    473 |      0 |      0 |    194 |   1 |  473.0 |
      Gauntlet |    576 |    576 |      0 |      3 |    183 |   1 |  576.0 |
               +--------+--------+--------+--------+--------+-----+--------+

Top non-repeatable levels by time:
     D:5: 2075 daAuts
  Lair:2: 1626 daAuts
  Lair:5: 1439 daAuts
    D:13: 1435 daAuts
     D:6: 1415 daAuts
    D:10: 1380 daAuts
    D:12: 1315 daAuts
   Elf:1: 1280 daAuts
 Swamp:4: 1270 daAuts
 Swamp:3: 1201 daAuts
  Lair:3: 1180 daAuts
     D:3: 1166 daAuts
     D:8: 1147 daAuts
     D:1: 1014 daAuts
     D:4: 928 daAuts
